 Adventure DCSS version bcrawl-1.32 (webtiles) character file.

Game seed: 17830439265952907050

159931 Leeroy the Carver (level 5, 30/30 HPs)
             Began as a Skeleton Skald on Aug 3, 2021.
             Quit the game on level 4 of the Dungeon on Aug 4, 2021.
             The game lasted 00:03:47 (2383 turns).

Leeroy the Carver (Skeleton Skald)                  Turns: 2383, Time: 00:03:48

Health: 30/30      AC: 10    Str: 17    XL:     5   Next: 34%
Magic:  9/9        EV:  6    Int: 12    God:
Gold:   194        SH:  1    Dex: 10    Spells: 2/10 levels left
                                        Lives:  1   Deaths: 1

rFire    . . .     SeeInvis .   a - +0 long sword
rCold    + . .     Gourm    .   (no shield)
rNeg     + + +     Faith    .   g - +0 plate armour (curse)
rPois    ∞         Spirit   +   (no helmet)
rElec    .         Reflect  .   (no cloak)
rCorr    .         Harm     .   (no gloves)
MR       .....                  (no boots)
Stlth    ..........             (no amulet)
HPRegen  0.10/turn              (no ring)
MPRegen  0.11/turn              (no ring)

@: no status effects
A: no food or potions, cold resistance 1, deterioration 1, negative energy
resistance 3, powered by death 1, torment resistance, unbreathing, magic shield,
sturdy frame 1, spell healing
a: no special abilities


You were on level 4 of the Dungeon.
You were not hungry.

You visited 1 branch of the dungeon, and saw 4 of its levels.

You collected 194 gold pieces.

Inventory:

Hand Weapons
 a - a +0 long sword (weapon)
Missiles
 l - 303 stones (quivered)
Armour
 b - a +0 leather armour
 g - a cursed +0 plate armour (worn)
 m - a +0 ring mail
Wands
 n - a wand of flame (13)
Scrolls
 c - a scroll of amnesia {unknown}
 d - 2 scrolls of fear
 e - a scroll of teleportation {unknown}
 f - a scroll of remove curse {unknown}
 h - a scroll of immolation {unknown}
 i - 4 scrolls of identify
 j - a scroll of noise {unknown}
 k - a scroll of enchant weapon {unknown}


   Skills:
 - Level 2.0 Fighting
 + Level 8.2 Long Blades
 - Level 1.1 Armour
 - Level 2.0 Dodging
 - Level 3.0 Spellcasting
 - Level 3.2 Charms


You had 2 spell levels left.
You knew the following spells:

 Your Spells              Type           Power        Failure   Level  Hunger
a - Infusion              Chrm           #.......     85%         1    N/A
b - Song of Slaying       Chrm           #.......     94%         2    N/A
c - Swiftness             Chrm/Air       #.......     99%         2    N/A
d - Spectral Weapon       Hex/Chrm       #.......     100%        3    N/A

Your spell library contained the following spells:

 Spells                   Type           Power        Failure   Level  Hunger
 Ozocubu's Armour         Chrm/Ice       #.......     100%        3    N/A
 Regeneration             Chrm/Necr      Unusable     N/A         3    N/A

Dungeon Overview and Level Annotations

Branches:
Dungeon (4/12)
 Temple: D:4-7

Altars:
Elyvilon
Kikubaaqudgha
Nemelex Xobeh
Ru
Zin


Innate Abilities, Weirdness & Mutations

You do not eat or drink.
You are immune to poison.
Your flesh is cold resistant. (rC+)
Your body sometimes deteriorates upon taking damage.
You are immune to negative energy. (rN+++)
You regenerate a little health from kills.
You are immune to unholy pain and torment.
You can survive without breathing.
When hurt, damage is shared between your health and your magic reserves.
Your movements are slightly less encumbered by armour. (ER -2)
Casting spells heals you.


Message History

Your body deteriorates!
You feel dopey.
An orc wizard comes into view. It is wielding a +0 dagger.
You are too injured to fight recklessly!
You are too injured to fight recklessly!
You are too injured to fight recklessly!
You are too injured to fight recklessly!
You are too injured to fight recklessly!
An orc comes into view.
A crimson imp comes into view.
An orc comes into view. It is wielding a +0 hand axe.
The orc shouts! x2
The orc priest mumbles some strange prayers to Beogh against you.
Beogh smites you!
* * * LOW HITPOINT WARNING * * *
The crimson imp breathes fire at you. The flame tongue hits you!
You die...
Xom reaches out...
You are now level 5!
You rejoin the land of the living...
Are you sure you want to abandon this character and quit the game? (Confirm with "yes".)

..#
#.##########
..#
#...@.....%.
#.#
############
#.# #.#
#.#####+###
#..........
....# ###.#
#.#


There were no monsters in sight!

Vanquished Creatures
  Sigmund (D:3)
  A phantom (D:3)
  2 oozes
  5 worms
  5 dart slugs
  7 leopard geckos
  An orc (D:3)
  A ball python (D:3)
  3 giant cockroaches
  3 goblins
  6 hobgoblins
  16 jackals
  3 quokkas
  4 bats
  6 frilled lizards
  5 kobolds
  6 rats
75 creatures vanquished.

Notes
Turn   | Place    | Note
-------+----------+-------------------------------------------
     0 | D:1      | Leeroy the Skeleton Skald began the quest for the Orb.
     0 | D:1      | Reached XP level 1. HP: 12/12 MP: 4/4
    39 | D:1      | Reached skill level 3 in Long Blades
   143 | D:1      | Reached XP level 2. HP: 14/17 MP: 4/6
   272 | D:1      | Found a sparkling altar of Nemelex Xobeh.
   362 | D:1      | Reached skill level 4 in Long Blades
   477 | D:1      | Reached XP level 3. HP: 21/21 MP: 7/7
   999 | D:2      | Noticed a sky beast
  1132 | D:2      | Reached skill level 5 in Long Blades
  1572 | D:2      | Reached XP level 4. HP: 24/26 MP: 6/8
  1626 | D:2      | Learned a level 2 spell: Song of Slaying
  1629 | D:2      | Learned a level 2 spell: Swiftness
  1633 | D:2      | Learned a level 3 spell: Spectral Weapon
  1730 | D:2      | Found a glowing silver altar of Zin.
  1984 | D:3      | Noticed Sigmund
  2009 | D:3      | Killed Sigmund
  2010 | D:3      | Reached skill level 7 in Long Blades
  2010 | D:3      | Reached XP level 5. HP: 16/30 MP: 6/9
  2168 | D:3      | Found a white marble altar of Elyvilon.
  2169 | D:3      | Found a sacrificial altar of Ru.
  2169 | D:3      | Found an ancient bone altar of Kikubaaqudgha.
  2180 | D:3      | Noticed a phantom
  2208 | D:3      | Killed a phantom
  2209 | D:3      | Reached skill level 8 in Long Blades
  2209 | D:3      | Gained mutation: You regenerate a little health from kills.
                  | [Skeleton growth]
  2209 | D:3      | Reached XP level 6. HP: 31/35 MP: 10/10
  2382 | D:4      | Killed from afar by a crimson imp
  2383 | D:4      | Reached XP level 5. HP: 0/30 MP: 0/9
  2383 | D:4      | Quit the game

Skill      XL: |  1  2  3  4  5 |
---------------+----------------+-----
Long Blades    | 3 4 5 7 8 |  8.2
Fighting       | |  2.0
Armour         | |  1.1
Dodging        | |  2.0
Spellcasting   | |  3.0
Charms         | |  3.2

Action                   |  1- 3 |  4- 6 || total
-------------------------+-------+-------++-------
Melee: Long sword        |   164 |   157 ||   321
Armor: Leather armour    |     7 |       ||     7
       Plate armour      |    97 |   107 ||   204
Dodge: Dodged            |    70 |    58 ||   128
Block: Other             |       |     4 ||     4
